 Dungeon Crawl Stone Soup version 0.20.1-1-g8b1a95d66d (webtiles) character file.

2424 Zertus the Protected (level 9, -5/78 HPs)
             Began as a Minotaur Fighter on Dec 14, 2017.
             Was a Follower of Okawaru.
             Killed by divine providence
             ... invoked by an orc priest
              (12 damage)
             ... on level 6 of the Dungeon.
             The game lasted 00:14:28 (5828 turns).

Zertus the Protected (Minotaur Fighter)             Turns: 5828, Time: 00:14:28

Health: -5/78      AC:  8    Str: 23    XL:     9   Next: 24%
Magic:  8/8        EV: 10    Int:  5    God:    Okawaru [*.....]
Gold:   256        SH: 11    Dex: 11    Spells: 8/8 levels left

rFire    . . .     SeeInvis .   a - +0 trident
rCold    . . .     Gourm    .   c - +0 shield
rNeg     . . .     Faith    .   b - +0 scale mail
rPois    .         Spirit   .   (helmet restricted)
rElec    .         Reflect  .   (no cloak)
rCorr    .         Harm     .   (no gloves)
MR       .....                  (no boots)
Stlth    ..........             (no amulet)
Regen    0.3/turn               (no ring)
MPRegen  0.2/turn               (no ring)

@: no status effects
A: retaliatory headbutt, horns 2
a: Heroism, Renounce Religion


You were on level 6 of the Dungeon.
You worshipped Okawaru.
Okawaru was aware of your devotion.
You were not hungry.

You visited 1 branch of the dungeon, and saw 7 of its levels.

You collected 256 gold pieces.

Inventory:

Hand Weapons
 a - a +0 trident (weapon)
Armour
 b - a +0 scale mail (worn)
 c - a +0 shield (worn)
Jewellery
 p - a +2 ring of strength {unknown}
 q - an uncursed ring of ice {unknown}
 r - an uncursed ring of positive energy {unknown}
 s - an uncursed ring of stealth {unknown}
 u - an uncursed ring of resist corrosion {unknown}
 x - a +3 ring of strength {unknown}
Wands
 B - a wand of polymorph (9/24)
Scrolls
 e - 7 scrolls of identify {unknown}
 i - 6 scrolls of teleportation {unknown}
 l - 2 scrolls of random uselessness {unknown}
 m - 5 scrolls of remove curse {unknown}
 n - a scroll of blinking {unknown}
 t - 2 scrolls of enchant weapon {unknown}
 w - a scroll of amnesia {unknown}
 y - 3 scrolls of fog {unknown}
 A - a scroll of immolation {unknown}
 C - a scroll of fear {unknown}
Potions
 h - a potion of brilliance {unknown}
 j - 3 potions of flight {unknown}
 k - a potion of resistance {unknown}
 o - a potion of degeneration {unknown}
 v - a potion of heal wounds {unknown}
 D - a potion of might
Books
 d - a book of Conjurations

   Spells                             Type                      Level
   a - Magic Dart                     Conjuration                  1
   b - Searing Ray                    Conjuration                  2
   c - Dazzling Spray                 Conjuration/Hexes            3
   d - Fulminant Prism                Conjuration/Hexes            4
   e - Force Lance                    Conjuration/Translocation    4
   f - Iskenderun's Mystic Blast      Conjuration                  4
Comestibles
 f - 3 bread rations
 z - a royal jelly
 E - a meat ration


   Skills:
 + Level 6.4 Fighting
 + Level 8.2 Polearms
 + Level 8.3 Armour
 + Level 4.2 Dodging
 + Level 1.1 Stealth
 + Level 7.8 Shields


You had 8 spell levels left.
You didn't know any spells.

Dungeon Overview and Level Annotations

Branches:
Dungeon (7/15)
 Temple: D:4-7

Altars:
Cheibriados
Nemelex Xobeh
Okawaru
Ru
Sif Muna
Trog
Yredelemnul


Innate Abilities, Weirdness & Mutations

You reflexively headbutt those who attack you in melee.
You have a pair of horns on your head.


Message History

You see here a short sword.
The orc priest hits you but does no damage.
You barely miss the orc priest.
The orc warrior hits you with a battleaxe!!
The orc priest calls down the wrath of Beogh upon you.
Pain shoots through your body!
You barely miss the orc priest. Your headbutt misses the orc priest.
The orc barely misses you. You furiously retaliate!
You headbutt the orc!
You kill the orc!
Okawaru accepts your kill.
The orc priest hits you but does no damage.
The orc warrior hits you with a battleaxe!!
* * * LOW HITPOINT WARNING * * *
You hear some strange, mumbled words.
The orc warrior closely misses you.
The orc priest casts a cantrip, but nothing happens.
You see here a short sword.
The orc priest calls down the wrath of Beogh upon you.
Beogh smites you!
You die...

...#.)).#.......#
...#....#.......+ ....
...'....#.......#######....
..)#....#.................
...#....#................
##'######..............#
.......................#
.......................#
................@)oo...#
....................)..#
.........#######...........
.........# #...........
.........# #...........
.........# #...........
.........# #...........
###'##+## ############ .#


You could see an orc warrior and an orc priest.

Vanquished Creatures
  A two-headed ogre (D:3)
  The ghost of MondaySad the Cleaver, a novice MiBe of Trog (D:5)
  Sigmund (D:3)
  2 ogres
  A phantom (D:4)
  3 centaurs
  8 killer bees (D:6)
  A howler monkey (D:5)
  A quasit (D:5)
  A hound (D:4)
  2 orc priests
  An iguana (D:5)
  5 orc wizards
  7 adders
  An ooze (D:3)
  An adder skeleton (D:4)
  4 leopard geckos
  20 orcs
  6 giant cockroaches
  11 goblins
  9 hobgoblins
  15 jackals
  4 quokkas
  2 ball pythons
  8 bats
  3 frilled lizards
  6 kobolds
  4 rats
129 creatures vanquished.

Notes
Turn   | Place    | Note
-------+----------+-------------------------------------------
     0 | D:1      | Zertus the Minotaur Fighter began the quest for the Orb.
     0 | D:1      | Reached XP level 1. HP: 19/19 MP: 0/0
   111 | D:1      | Reached XP level 2. HP: 26/27 MP: 1/1
  1007 | D:2      | Reached XP level 3. HP: 33/33 MP: 2/2
  1768 | D:4      | Reached XP level 4. HP: 39/40 MP: 3/3
  2014 | D:3      | Noticed Sigmund
  2037 | D:3      | HP: 2/40 [something (11)]
  2038 | D:3      | Killed Sigmund
  2038 | D:3      | Reached skill level 5 in Armour
  2038 | D:3      | Reached skill level 1 in Dodging
  2038 | D:3      | Reached skill level 5 in Shields
  2038 | D:3      | Reached XP level 5. HP: 2/47 MP: 4/4
  2349 | D:3      | Reached XP level 6. HP: 50/53 MP: 5/5
  2371 | D:3      | Noticed a two-headed ogre
  2380 | D:3      | HP: 2/53 [two-headed ogre/giant club (8)]
  2381 | D:3      | Killed a two-headed ogre
  2381 | D:3      | Reached skill level 5 in Fighting
  2381 | D:3      | Reached skill level 5 in Polearms
  2381 | D:3      | Reached XP level 7. HP: 3/61 MP: 6/6
  3187 | D:5      | Entered Level 5 of the Dungeon
  3189 | D:5      | Noticed MondaySad's ghost (novice MiBe)
  3241 | D:4      | Found a sacrificial altar of Ru.
  3277 | D:4      | Reached XP level 8. HP: 42/69 MP: 7/7
  3300 | D:4      | Reached skill level 1 in Stealth
  3891 | D:5      | Killed MondaySad's ghost
  3900 | D:5      | Found an iron altar of Okawaru.
  3911 | D:5      | Became a worshipper of Warmaster Okawaru
  4125 | D:5      | Found a deep blue altar of Sif Muna.
  4433 | D:5      | Found a faded altar of an unknown god.
  4433 | D:5      | Found a snail-covered altar of Cheibriados.
  4438 | D:5      | Found a faded altar of an unknown god.
  4440 | D:5      | Found a basalt altar of Yredelemnul.
  4441 | D:5      | Found a sparkling altar of Nemelex Xobeh.
  4540 | D:7      | Found a bloodstained altar of Trog.
  4918 | D:6      | Reached XP level 9. HP: 30/75 MP: 8/8
  5471 | D:6      | Reached * piety under Okawaru
  5828 | D:6      | Killed from afar by an orc priest

Skill      XL: |  1  2  3  4  5  6  7  8  9 |
---------------+----------------------------+-----
Shields        | 4 5 6 7 |  7.8
Armour         | 4 5 6 7 8 |  8.3
Fighting       | 4 5 6 |  6.4
Polearms       | 3 4 5 6 7 8 |  8.2
Dodging        | 1 2 3 4 |  4.2
Stealth        | 1 |  1.1

Action                   |  1- 3 |  4- 6 |  7- 9 || total
-------------------------+-------+-------+-------++-------
Melee: Trident           |   121 |    45 |   259 ||   425
       Headbutt          |     8 |    11 |    52 ||    71
  Use: Potion            |       |     2 |     1 ||     3
  Eat: Meat ration       |     1 |       |     1 ||     2
       Bread ration      |       |       |     1 ||     1
       Fruit             |       |       |     1 ||     1
       Chunk             |       |       |     1 ||     1
Armor: Scale mail        |    51 |    19 |    77 ||   147
Dodge: Dodged            |    34 |    16 |   122 ||   172
Block: Shield            |    66 |    21 |   167 ||   254
